AoeStats
← jakkmon

Arena

510577138Analyzed
1v1 RM · 1d ago on Oct 1, 2026· 21m 40s· 2 players
Game mode
Random Map
Map size
Tiny (2 player)
Population
200
Speed
Normal
Resources
Standard
Victory
Conquest
Starting age
Dark Age
Ending age
Imperial Age
RankedLock teamsTeams togetherTeam positionsShared explorationLock speedFull tech treeHidden civsTurbo modeCheats
Victory
Defeat
🇺🇸 Burgundians · United States
674
+17
🇧🇷 Turks · Brazil
686
-17
jakkmon
1:55 Loom
8:05 Double-Bit Axe
9:01 Wheelbarrow
11:18 Feudal Age
11:37 Gold Mining
12:11 Bow Saw
13:25 Horse Collar
15:58 Scale Barding Armor
18:14 Gold Shaft Mining
17:37 Stone Mining
deadbot
10:19 Loom
14:59 Feudal Age
Connection lost

Rejoining the realm…

Still unreachable

The connection could not be restored.

Session expired

The server has moved on; the page needs a fresh start.